 Dungeon Crawl Stone Soup version 0.31-a0-988-g08d55dae12 (webtiles) character file.

Game seed: 5724965650173441539

193 morbho the Sneak (level 5, 0/24 HPs)
             Began as a Spriggan Enchanter on Nov 4, 2023.
             Slain by Pikel
             ... wielding a +0 whip of freezing
              (9 damage)
             ... while paralysed by Pikel
             ... on level 4 of the Dungeon.
             The game lasted 00:06:28 (2674 turns).

morbho the Sneak (Spriggan Enchanter)               Turns: 2674, Time: 00:06:28

Health: 0/24       AC:  1    Str:  4    XL:     5   Next: 44%
Magic:  2/11       EV:  4    Int: 18    God:
Gold:   176        SH:  0    Dex: 16    Spells: 6/11 levels left

rFire   . . .        a - +1 dagger
rCold   . . .        (no shield)
rNeg    . . .        (body armour restricted)
rPois   .            d - +1 hat
rElec   .            (no cloak)
rCorr   .            (gloves unavailable)
SInv    +            (boots unavailable)
Will    .....        (no amulet)
Stlth   +++          (no ring)
HPRegen 0.24/turn    (no ring)
MPRegen 0.12/turn

%: no passive effects
@: paralysed, invisible, very quick
A: very small, no large weapons, unfitting armour, see invisible, speed 3
a: no special abilities


You were on level 4 of the Dungeon.
You visited 1 branch of the dungeon, and saw 4 of its levels.

You collected 176 gold pieces.

Inventory:

Hand Weapons
 a - a +1 dagger (weapon)
Armour
 b - a +0 robe
 d - a +1 hat (worn)
 l - the +1 robe of Good Intentions {rN+ SInv}
   (You found it on level 3 of the Dungeon)

   rN+:       It protects you from negative energy.
   SInv:      It lets you see invisible.
Wands
 i - a wand of acid (4)
 o - a wand of polymorph (4)
Scrolls
 e - a scroll of immolation {unknown}
 f - 2 scrolls of fear {unknown}
 h - 3 scrolls of identify {unknown}
 j - a scroll of blinking {unknown}
 k - 2 scrolls of vulnerability {unknown}
 m - a scroll of teleportation {unknown}
 n - a scroll of enchant weapon {unknown}
Potions
 c - a potion of invisibility
 g - 2 potions of resistance {unknown}


   Skills:
 * Level 3.0 Short Blades
 + Level 3.5 Dodging
 * Level 6.2 Stealth
 + Level 3.5 Spellcasting
 * Level 4.8 Hexes


You had 6 spell levels left.
You knew the following spells:

 Your Spells              Type           Power      Damage    Failure   Level
b - Ensorcelled Hibernat  Hex/Ice        22%        N/A       9%          2
c - Confusing Touch       Hex            20%        N/A       6%          3

Your spell library contained the following spells:

 Spells                   Type           Power      Damage    Failure   Level
 Tukima's Dance           Hex            20%        N/A       6%          3
 Dazzling Flash           Conj/Hex       22%        N/A       17%         3


Dungeon Overview and Level Annotations

Branches:
Dungeon (4/15)
 Temple: D:4-7

Altars:
Elyvilon
Makhleb

Shops:
D:2 [   D:3 !

Annotations:
D:4 Pikel


Innate Abilities, Weirdness & Mutations

You are very small and have problems with some larger weapons.
You are too small for most types of armour.
You have supernaturally acute eyesight. (SInv)
You cover ground extremely quickly. (Speed+++)


Message History

Casting: Ensorcelled Hibernation (safe; 9% risk of failure)
Confirm with . or Enter, or press ? or * to list all spells.
Aiming: Ensorcelled Hibernation (safe; 9% risk of failure)
Press: ? - help, Shift-Dir - straight line, f/p - lemure
Aim: a lemure (lightly wounded, chance to affect: 45%)
The lemure resists with some effort.
The lemure completely misses you.
Casting: Ensorcelled Hibernation (safe; 9% risk of failure)
Confirm with . or Enter, or press ? or * to list all spells.
Aiming: Ensorcelled Hibernation (safe; 9% risk of failure)
Press: ? - help, Shift-Dir - straight line, f/p - lemure
Aim: a lemure (lightly wounded, chance to affect: 45%)
The lemure resists with some effort.
The lemure misses you.
Casting: Ensorcelled Hibernation (safe; 9% risk of failure)
Confirm with . or Enter, or press ? or * to list all spells.
Aiming: Ensorcelled Hibernation (safe; 9% risk of failure)
Press: ? - help, Shift-Dir - straight line, f/p - lemure
Aim: a lemure (lightly wounded, chance to affect: 45%)
The lemure resists with some effort.
The lemure misses you.
Casting: Ensorcelled Hibernation (safe; 9% risk of failure)
Confirm with . or Enter, or press ? or * to list all spells.
Aiming: Ensorcelled Hibernation (safe; 9% risk of failure)
Press: ? - help, Shift-Dir - straight line, f/p - lemure
Aim: a lemure (lightly wounded, chance to affect: 45%)
The lemure looks drowsy...
The helpless lemure fails to defend itself.
You impale the lemure!!
You kill the lemure!
That felt strangely unrewarding.
Casting: Ensorcelled Hibernation (safe; 9% risk of failure)
Confirm with . or Enter, or press ? or * to list all spells.
You don't have enough magic to cast this spell.
Unknown command.
Casting: Ensorcelled Hibernation (safe; 9% risk of failure)
Confirm with . or Enter, or press ? or * to list all spells.
You don't have enough magic to cast this spell.
You fade into invisibility!
Pikel zaps a wand.
You suddenly lose the ability to move!
Pikel hits you with a +0 whip of freezing!
You die...
Pikel says, "See you in Hell!"

...≈.≈5
..≈≈.≈≈
.......
.#.....
##5..#
.#######5h.#
....!..h5###
#######K##
#@# #.# ##
#.# .. #.#
.###
########.#
.#..
#.......)#
.#.#
####.########
.#.# #<##.#
.#.###.##.#


You could see Pikel (unable to see you), 3 lemures and 2 jackals.

Vanquished Creatures
  A lemure (D:4)
  A scorpion (D:4)
  An iguana (D:3)
  4 gnolls (D:3)
  2 adders (D:3)
  An orc (D:4)
  2 bats (D:2)
  3 endoplasms
  3 giant cockroaches
  3 goblins
  3 hobgoblins
  5 jackals
  8 kobolds
  3 quokkas
  3 ball pythons
  3 frilled lizards
  3 rats
49 creatures vanquished.

Notes
Turn   | Place    | Note
-------+----------+-------------------------------------------
     0 | D:1      | morbho the Spriggan Enchanter began the quest for the Orb.
     0 | D:1      | Reached XP level 1. HP: 9/9 MP: 5/5
   487 | D:1      | Reached XP level 2. HP: 12/13 MP: 6/6
   490 | D:1      | Learned a level 2 spell: Ensorcelled Hibernation
   814 | D:2      | Found Teud's Armour Boutique.
   869 | D:2      | Reached skill level 5 in Stealth
  1083 | D:2      | Reached XP level 3. HP: 12/16 MP: 8/8
  1087 | D:2      | Learned a level 3 spell: Confusing Touch
  1789 | D:3      | Reached XP level 4. HP: 10/21 MP: 1/9
  1950 | D:3      | Identified the +1 robe of Good Intentions {rN+ SInv}
  2219 | D:3      | Found Suymuca's Distillery.
  2274 | D:3      | Found a white marble altar of Elyvilon.
  2274 | D:3      | Found a burning altar of Makhleb.
  2510 | D:4      | Noticed a scorpion
  2520 | D:4      | Killed a scorpion
  2521 | D:4      | Reached skill level 6 in Stealth
  2521 | D:4      | Reached XP level 5. HP: 8/24 MP: 6/11
  2640 | D:4      | Noticed Pikel
  2641 | D:4      | Noticed a lemure
  2642 | D:4      | Noticed a lemure
  2643 | D:4      | Noticed a lemure
  2658 | D:4      | Noticed a lemure
  2672 | D:4      | Killed a lemure
  2673 | D:4      | Paralysed by Pikel for 2 turns
  2674 | D:4      | Slain by Pikel

Illustrated notes

Levels and vault maps discovered:
D:1:      dpeg_arrival_arbitrary_a, layout_loops_cross, grunt_decor_arrowhead,
          hangedman_decor_push
D:2:      layout_rooms, serial_shops, nicolae_shop_rolling_square,
          roderic_lattice_a
D:3:      layout_basic, gammafunk_temple_overflow_statue, serial_shops,
          nicolae_shop_industrial_runoff, kennysheep_donut
D:4:      layout_basic, mainiacjoe_overflow_small_starburst, zin_statuary,
          chequers_jeans, uniq_pikel

Skill      XL: |  1  2  3  4 |
---------------+-------------+-----
Hexes          | 4 |  4.8
Stealth        | 5 6 |  6.2
Spellcasting   | 3 |  3.5
Dodging        | 3 |  3.5
Short Blades   | 2 3 |  3.0

Action                     |  1- 3 |  4- 6 || total
---------------------------+-------+-------++-------
  Melee: Dagger            |   105 |    48 ||   153
         Punch             |     3 |       ||     3
   Cast: Ensorcelled Hiber |    14 |    15 ||    29
         Confusing Touch   |     1 |       ||     1
    Use: Potion            |     4 |     1 ||     5
   Stab: Sleeping          |    14 |     9 ||    23
         Confused          |     1 |       ||     1
 Armour: Robe              |    36 |     7 ||    43
         Skin              |       |    14 ||    14
  Dodge: Dodged            |    78 |    44 ||   122

Table legend: (Time is in decaauts)
 A = Elapsed time spent in this place.
 B = Non-inter-level travel time spent in this place.
 C = Inter-level travel time spent in this place.
 D = Time resting spent in this place.
 E = Time spent auto-exploring this place.
 F = Levels seen in this place.
 G = Mean time per level.
                   A        B        C        D        E       F      G
               +--------+--------+--------+--------+--------+-----+--------+
         Total |   1990 |   1968 |     22 |    588 |    989 |   4 |  497.5 |
       Dungeon |   1990 |   1968 |     22 |    588 |    989 |   4 |  497.5 |
               +--------+--------+--------+--------+--------+-----+--------+

Top non-repeatable levels by time:
     D:3: 855 daAuts
     D:2: 524 daAuts
     D:1: 469 daAuts
     D:4: 142 daAuts
